 Dungeon Crawl Stone Soup version 0.20.1-1-g8b1a95d (webtiles) character file.

173 Tr0llz0r the Shield-Bearer (level 5, -4/46 HPs)
             Began as a Hill Orc Fighter on Oct 31, 2017.
             Was an Initiate of Beogh.
             Slain by a hornet (6 damage)
             ... on level 3 of the Dungeon.
             The game lasted 00:12:00 (2623 turns).

Tr0llz0r the Shield-Bearer (Hill Orc Fighter)       Turns: 2623, Time: 00:12:01

Health: -4/46      AC: 13    Str: 19 (20) XL:     5   Next: 53%
Magic:  5/5        EV: 10    Int:  8 (10) God:    Beogh [......]
Gold:   169        SH: 11    Dex: 15      Spells: 4/4 levels left

rFire    x . .     SeeInvis .   a - +1 trident
rCold    + . .     Gourm    .   c - +1 shield
rNeg     . . .     Faith    .   h - +0 chain mail
rPois    .         Spirit   .   t - +0 helmet
rElec    .         Reflect  .   (no cloak)
rCorr    .         Harm     .   i - +0 pair of gloves
MR       .....                  r - +0 pair of boots
Stlth    ..........             (no amulet)
Regen    0.2/turn               l - +2 ring of intelligence
MPRegen  0.1/turn               u - ring of ice

@: agile, slowed, very slow
A: no striking features
a: Renounce Religion


You were on level 3 of the Dungeon.
You worshipped Beogh.
Beogh was noncommittal.
You were very hungry.

You visited 1 branch of the dungeon, and saw 3 of its levels.

You collected 169 gold pieces.

Inventory:

Hand Weapons
 a - a +1 trident (weapon)
 w - a +1 hand axe of draining
 y - a +0 flail
Armour
 c - a +1 shield (worn)
 h - a +0 chain mail (worn)
 i - a +0 pair of gloves (worn)
 r - a +0 pair of boots (worn)
 t - a +0 helmet (worn)
Jewellery
 l - a +2 ring of intelligence (left hand)
 u - a ring of ice (right hand)
 v - an uncursed ring of protection from cold
 A - an uncursed ring of magical power {unknown}
Scrolls
 b - 4 scrolls of teleportation
 e - a scroll of enchant armour
 k - a scroll of identify
 m - a scroll of magic mapping
Potions
 d - a potion of might
 s - 2 potions of agility
 z - 2 potions of haste
Comestibles
 f - 4 bread rations
 x - 2 meat rations


   Skills:
 + Level 4.2 Fighting
 + Level 3.5 Polearms
 + Level 4.3 Armour
 + Level 1.0 Dodging
 + Level 4.4 Shields


You had 4 spell levels left.
You didn't know any spells.

Dungeon Overview and Level Annotations

Branches:
Dungeon (3/15)

Altars:
Sif Muna


Message History

You hit the hornet but do no damage.
The hornet is moderately wounded.
You feel yourself slow down.
You feel sick. The hornet closely misses you. The hornet stings you!
* * * LOW HITPOINT WARNING * * *
You feel as though you will be slow longer.
You miss the hornet.
The hornet is moderately wounded.
You feel yourself speed up.
* * * LOW HITPOINT WARNING * * *
You feel sick.
You block the hornet's attack. x2; The hornet stings you.
* * * LOW HITPOINT WARNING * * *
You feel yourself slow down.
You feel better. You block the hornet's attack. The hornet stings you!
* * * LOW HITPOINT WARNING * * *
You feel as though you will be slow longer.
You hit the hornet.
The hornet is moderately wounded.
The hornet stings you.
You die...

,,...###...###.# *,,# **,**
***..* ##.## #.# **.# *,* *,,*
#.# ##.####.####**,* *,,*
#.###...†.......,,,* *,,*
#......^....####**** ***,,*
#####....##.# ,,,,,* ##.#.#*,#
*,,,,* #.#.#*,*
*,*,,********#.#@#*,* *******
*,,,,,,,,,,,,..#y#*,*******,,,,,,
****,********###.#*,,,,,,,,,*****
,,,,,,,,* ****#.#***********
,,,,,,,,****,,,...,,* *******
****,,,,,,,,,,,...*,* *,,,,,,
*,,,,****,**##.,,* *,*****
****,**.# *,* *#.** *,* ,,,,,**.#
#.* *,* *,*


You could see a hornet.

Vanquished Creatures
  A bullfrog (D:3)
  An iguana (D:3)
  2 adders (D:2)
  3 dart slugs (D:2)
  2 leopard geckos (D:1)
  A ball python (D:1)
  4 giant cockroaches
  9 hobgoblins
  4 jackals (D:3)
  3 kobolds
  6 bats
  2 frilled lizards
  9 goblins
  4 rats
51 creatures vanquished.

Vanquished Creatures (others)
  A giant cockroach (D:3)
  A frilled lizard (D:3)
2 creatures vanquished.

Grand Total: 53 creatures vanquished

Notes
Turn   | Place    | Note
-------+----------+-------------------------------------------
     0 | D:1      | Tr0llz0r the Hill Orc Fighter began the quest for the Orb.
     0 | D:1      | Reached XP level 1. HP: 19/19 MP: 1/1
   139 | D:1      | Reached XP level 2. HP: 19/27 MP: 2/2
   884 | D:2      | Reached XP level 3. HP: 32/33 MP: 3/3
  1583 | D:2      | Reached XP level 4. HP: 40/40 MP: 4/4
  2140 | D:3      | Became a worshipper of Beogh the Brigand
  2275 | D:3      | Found a deep blue altar of Sif Muna.
  2583 | D:3      | Noticed a bullfrog
  2594 | D:3      | Killed a bullfrog
  2594 | D:3      | Reached skill level 1 in Dodging
  2594 | D:3      | Reached XP level 5. HP: 46/46 MP: 5/5
  2597 | D:3      | Noticed a hornet
  2622 | D:3      | HP: 2/46 [hornet (7)]
  2623 | D:3      | Slain by a hornet

Skill      XL: |  1  2  3  4 |
---------------+-------------+-----
Fighting       | 4 |  4.2
Polearms       | 3 |  3.5
Shields        | 4 |  4.4
Armour         | 4 |  4.3
Dodging        | 1 |  1.0

Action                   |  1- 3 |  4- 6 || total
-------------------------+-------+-------++-------
Melee: Trident           |   121 |   126 ||   247
Invok: Convert to Beogh  |       |     1 ||     1
  Use: Scroll            |       |     7 ||     7
       Potion            |       |     5 ||     5
  Eat: Bread ration      |     1 |       ||     1
Armor: Scale mail        |    13 |       ||    13
       Chain mail        |    75 |   106 ||   181
Dodge: Dodged            |    24 |    43 ||    67
Block: Shield            |    74 |    74 ||   148
